 Dungeon Sprint DCSS version 0.22.1-2-g9c5b331383 (webtiles) character file.

16846 Groucho the Imperceptible (level 12, 64/64 HPs)
             Began as a Felid Berserker on Nov 12, 2018.
             Was the Champion of Trog.
             Got out of the dungeon alive.
             The game lasted 00:14:46 (3783 turns).

Groucho the Imperceptible (Felid Berserker)         Turns: 3783, Time: 00:14:47

Health: 64/64      AC:  3    Str: 13    XL:     12   Next: 13%
Magic:  13/13      EV: 35    Int: 10    God:    Trog [******]
Gold:   370        SH:  3    Dex: 19    Spells: 11/11 levels left
                                        Lives:  2   Deaths: 0

rFire    . . .     SeeInvis +     - Unarmed
rCold    + . .     Gourm    .   (shield unavailable)
rNeg     . . .     Faith    .   (armour unavailable)
rPois    .         Spirit   .   (helmet unavailable)
rElec    .         Reflect  +   (cloak unavailable)
rCorr    .         Harm     .   (gloves unavailable)
MR       +....     NoTele   +   (boots unavailable)
Stlth    +++++++++.             g - +3 amulet of reflection
HPRegen  0.20/turn              (no ring)
MPRegen  0.13/turn              (no ring)

@: quick
A: very small, no armour, no weapons or thrown items, stealth, claws 1, fangs 3,
see invisible, carnivore, deterioration 1, speed 1, screaming 1, shaggy fur 3,
slow metabolism 1, evolution 1, sharp paws
a: Berserk, Trog's Hand, Brothers in Arms, Renounce Religion


You escaped.
You worshipped Trog.
Trog was exalted by your worship.
You were full.

You visited 1 branch You collected 2431 gold pieces.
You spent 2061 gold pieces at shops.

Inventory:

Jewellery
 g - a +3 amulet of reflection (around neck)
Wands
 i - a wand of acid (9)
Scrolls
 a - 2 scrolls of random uselessness
 f - 8 scrolls of identify
 j - a scroll of enchant weapon {unknown}
 l - 3 scrolls of amnesia
 m - 3 scrolls of enchant armour
 s - a scroll of magic mapping
 t - a scroll of brand weapon
 u - 2 scrolls of remove curse
 v - a scroll of immolation
Potions
 b - 8 potions of curing
 c - 3 potions of heal wounds
 d - a potion of haste
 e - 2 potions of magic
 h - 3 potions of flight
 k - 2 potions of mutation
 n - a potion of degeneration
 o - a potion of might
 p - a potion of resistance
 q - a potion of lignification
 r - a potion of brilliance {unknown}
Comestibles
 w - 6 rations


   Skills:
 + Level 14.5 Fighting
 + Level 18.2 Dodging
 + Level 23.4 Stealth
 + Level 14.5 Unarmed Combat


You had 11 spell levels left.
You didn't know any spells.
Your spell library was empty.

Dungeon Overview and Level Annotations

Branches:
Dungeon (1/1)

Altars:
Cheibriados
Dithmenos
Elyvilon
Fedhas
Gozag
Hepliaklqana
Kikubaaqudgha
Makhleb
Nemelex Xobeh
Okawaru
Qazlal
Ru
Sif Muna
Trog
Uskayaw
Vehumet
Wu Jian
Xom
Yredelemnul
Zin
The Shining One
Jiyva
Lugonu

Shops:
D **![=:([%(*[[(*!*([([


Innate Abilities, Weirdness & Mutations

You cannot wear armour.
You are incapable of wielding weapons or throwing items.
Your paws allow you to move quietly. (Stealth)
You have sharp claws.
You have razor-sharp teeth.
You have supernaturally acute eyesight. (SInv)
You are carnivorous and can eat meat at any time.
You cover ground quickly.
Your thick and shaggy fur keeps you warm. (AC +3, rC+)
You have a slow metabolism.
Your sharp claws are effective at attacking unaware monsters.
Your body sometimes deteriorates upon taking damage.
You occasionally shout uncontrollably at your foes.
You evolve.


Message History

There is an open door here.
Things that are here:
a robe; a scythe
There is an open door here.
You open the door.
Found 54 gold pieces.
There is an open door here.
You now have 343 gold pieces (gained 27).
You now have 370 gold pieces (gained 27).
There is an open door here.
You see here a giant club.
There is an open door here.
You see here a leather armour.
There is an open door here.
There is a staircase leading out of the dungeon here.
You can't go down here!
Are you sure you want to leave the Dungeon?
This will make you lose the game!
Alright, then stay!
Are you sure you want to leave the Dungeon?
This will make you lose the game!
You have escaped!

##################
#@.#.[').#.['..#__
#..'..#..'..#..'..
#..#####'#####'#__
#..####..#...#)###
#..#__####..##[#≈§
#..#_____##'#_.'≈§
#⌠⌠#_.∩...'..._#§≈
####_..__##_.#'##+
#_____###'#.#..


There were no monsters in sight!

Vanquished Creatures
  A golden dragon (D)
  A shadow dragon (D)
  A hydra (D)
  2 centaur warriors (D)
  Sonja (D)
  2 unseen horrors (D)
  A deep troll (D)
  A lindwurm (D)
  3 shining eyes (D)
  An oklob plant (D)
  4 demonic crawlers (D)
  A hornet (D)
  A slime creature (D)
  2 redbacks (D)
  A yak (D)
  Sigmund (D)
  13 hogs (D)
  2 floating eyes (D)
  An ogre (D)
  7 necrophages (D)
  8 jellies (D)
  Ijyb (D)
  2 ballistomycetes (D)
58 creatures vanquished.

Vanquished Creatures (collateral kills)
  5 shining eyes (D)
  2 kobold demonologists (D)
  5 floating eyes (D)
12 creatures vanquished.

Vanquished Creatures (others)
  A gargoyle (D)
  2 ballistomycete spores (D)
3 creatures vanquished.

Grand Total: 73 creatures vanquished

Notes
Turn   | Place    | Note
-------+----------+-------------------------------------------
     0 | D        | Groucho the Felid Berserker began the quest for the Orb.
     0 | D        | Reached XP level 1. HP: 10/10 MP: 2/2
     5 | D        | Noticed Ijyb
     9 | D        | Killed Ijyb
     9 | D        | Reached skill level 8 in Stealth
     9 | D        | Reached XP level 2. HP: 14/14 MP: 3/3
   130 | D        | Noticed an ogre
   144 | D        | Killed an ogre
   144 | D        | Reached skill level 12 in Stealth
   144 | D        | Reached XP level 3. HP: 17/17 MP: 4/4
   144 | D        | Reached XP level 4. HP: 21/21 MP: 5/5
   148 | D        | Noticed Sigmund
   150 | D        | Killed Sigmund
   150 | D        | Reached ** piety under Trog
   150 | D        | Reached skill level 16 in Stealth
   150 | D        | Reached XP level 5. HP: 24/24 MP: 6/6
   162 | D        | Found a deep blue altar of Sif Muna.
   163 | D        | Found an ornate altar of the Wu Jian Council.
   164 | D        | Found a radiant altar of Vehumet.
   169 | D        | Gained mutation: You are covered in thick fur. (AC +2)
                  | [Felid growth]
   169 | D        | Reached XP level 6. HP: 14/28 MP: 7/7
   444 | D        | Found Zimolut's Antique Armour Emporium.
   444 | D        | Found an ancient bone altar of Kikubaaqudgha.
   444 | D        | Found a hazy altar of Hepliaklqana.
   444 | D        | Found a stormy altar of Qazlal.
   444 | D        | Found a hide-covered altar of Uskayaw.
   444 | D        | Found a blossoming altar of Fedhas.
   444 | D        | Found a bloodstained altar of Trog.
   444 | D        | Found an iron altar of Okawaru.
   444 | D        | Found a basalt altar of Yredelemnul.
   444 | D        | Found a glowing golden altar of the Shining One.
   444 | D        | Found a snail-covered altar of Cheibriados.
   444 | D        | Found a sacrificial altar of Ru.
   444 | D        | Found a glowing silver altar of Zin.
   444 | D        | Found a shadowy altar of Dithmenos.
   444 | D        | Found a white marble altar of Elyvilon.
   444 | D        | Noticed a yak
   445 | D        | Found an opulent altar of Gozag.
   446 | D        | Killed a yak
   447 | D        | Found a sparkling altar of Nemelex Xobeh.
   483 | D        | Found a burning altar of Makhleb.
   483 | D        | Found a shimmering altar of Xom.
   483 | D        | Noticed a slime creature
   484 | D        | Found a viscous altar of Jiyva.
   484 | D        | Found a corrupted altar of Lugonu.
   490 | D        | Killed a slime creature
   490 | D        | Reached *** piety under Trog
   490 | D        | Reached skill level 5 in Fighting
   490 | D        | Reached skill level 17 in Stealth
   490 | D        | Reached skill level 5 in Unarmed Combat
   490 | D        | Reached XP level 7. HP: 20/34 MP: 8/8
   883 | D        | Upgraded the game from 0.22.1-1-ga44c0e56f4 to
                  | 0.22.1-2-g9c5b331383
   889 | D        | Noticed a centaur warrior
   889 | D        | Noticed a centaur warrior
   890 | D        | Killed a centaur warrior
   890 | D        | Reached skill level 18 in Stealth
   890 | D        | Reached XP level 8. HP: 40/40 MP: 9/9
   891 | D        | Killed a centaur warrior
   900 | D        | Noticed a hornet
   903 | D        | Killed a hornet
   903 | D        | Reached XP level 9. HP: 45/45 MP: 10/10
   910 | D        | Killed a gargoyle
   913 | D        | Noticed an oklob plant
   915 | D        | Killed an oklob plant
   915 | D        | Reached **** piety under Trog
   915 | D        | Reached skill level 19 in Stealth
  1101 | D        | Noticed an unseen horror
  1102 | D        | Noticed an unseen horror
  1108 | D        | Killed an unseen horror
  1108 | D        | Reached skill level 10 in Fighting
  1108 | D        | Reached skill level 10 in Unarmed Combat
  1110 | D        | Killed an unseen horror
  1110 | D        | Reached ***** piety under Trog
  1110 | D        | Reached skill level 20 in Stealth
  1110 | D        | Reached XP level 10. HP: 51/51 MP: 11/11
  1327 | D        | Reached ****** piety under Trog
  1519 | D        | Found Joups's Weapon Shoppe.
  1519 | D        | Found Vahuez's Magic Scroll Shop.
  1519 | D        | Found Zoplil's Antique Armour Boutique.
  1521 | D        | Found Qecimn's Food Emporium.
  1521 | D        | Found Umulatat's Antique Weapon Shop.
  1521 | D        | Found Otielecu's General Store.
  1521 | D        | Found Uckaomigg's Armour Boutique.
  1521 | D        | Found Ceaxkais's Antique Armour Emporium.
  1521 | D        | Found Ylylimi's Antique Weapon Shop.
  1521 | D        | Found Ominguts's General Store.
  1525 | D        | Found Penlaq's Distillery.
  1526 | D        | Found Plog's Weapon Emporium.
  1526 | D        | Found Xejoy's Assorted Antiques.
  1527 | D        | Found Ycrakiw's Weapon Emporium.
  1546 | D        | Bought a ration for 65 gold pieces
  1546 | D        | Bought a ration for 65 gold pieces
  1546 | D        | Bought a ration for 65 gold pieces
  1546 | D        | Bought a ration for 65 gold pieces
  1553 | D        | Bought a potion of flight for 36 gold pieces
  1610 | D        | Noticed a deep troll
  1614 | D        | Killed a deep troll
  1918 | D        | Found Yqadacesk's Armour Emporium.
  1932 | D        | Noticed Sonja
  1935 | D        | Killed Sonja
  1949 | D        | Found Xuopluro's General Store.
  2053 | D        | Reached skill level 21 in Stealth
  2345 | D        | Reached skill level 15 in Dodging
  2652 | D        | Noticed a lindwurm
  2654 | D        | Killed a lindwurm
  2654 | D        | Reached XP level 11. HP: 57/57 MP: 12/12
  2759 | D        | Noticed a 12-headed hydra
  2761 | D        | Killed a 12-headed hydra
  2761 | D        | Reached skill level 22 in Stealth
  3056 | D        | Noticed a shadow dragon
  3056 | D        | Noticed a golden dragon
  3058 | D        | Killed a shadow dragon
  3060 | D        | Killed a golden dragon
  3060 | D        | Reached skill level 23 in Stealth
  3125 | D        | Found Iqokuy's Antique Armour Shoppe.
  3576 | D        | Bought a potion of degeneration for 12 gold pieces
  3576 | D        | Bought a potion of might for 48 gold pieces
  3576 | D        | Bought a potion of flight for 36 gold pieces
  3576 | D        | Bought a potion of resistance for 120 gold pieces
  3576 | D        | Bought a potion of curing for 36 gold pieces
  3576 | D        | Bought a potion of curing for 36 gold pieces
  3576 | D        | Bought a potion of mutation for 96 gold pieces
  3576 | D        | Bought a potion of curing for 36 gold pieces
  3576 | D        | Bought a potion of curing for 36 gold pieces
  3576 | D        | Bought a potion of lignification for 36 gold pieces
  3578 | D        | Bought a fuming emerald potion for 28 gold pieces
  3578 | D        | Bought a potion of heal wounds for 160 gold pieces
  3585 | D        | Bought a potion of heal wounds for 70 gold pieces
  3590 | D        | Bought a scroll of magic mapping for 35 gold pieces
  3590 | D        | Bought a scroll of amnesia for 35 gold pieces
  3590 | D        | Bought a scroll of brand weapon for 200 gold pieces
  3590 | D        | Bought a scroll of random uselessness for 10 gold pieces
  3590 | D        | Bought a scroll of remove curse for 30 gold pieces
  3590 | D        | Bought a scroll of identify for 20 gold pieces
  3590 | D        | Bought a scroll of identify for 20 gold pieces
  3590 | D        | Bought a scroll of enchant armour for 75 gold pieces
  3590 | D        | Bought a scroll of immolation for 35 gold pieces
  3590 | D        | Bought a scroll of identify for 20 gold pieces
  3590 | D        | Bought a scroll of remove curse for 30 gold pieces
  3590 | D        | Bought a scroll of identify for 20 gold pieces
  3590 | D        | Bought a scroll of identify for 20 gold pieces
  3590 | D        | Bought a scroll of enchant armour for 75 gold pieces
  3595 | D        | Bought a ration for 65 gold pieces
  3595 | D        | Bought a ration for 65 gold pieces
  3595 | D        | Bought a ration for 65 gold pieces
  3595 | D        | Bought a ration for 65 gold pieces
  3595 | D        | Bought a ration for 65 gold pieces
  3595 | D        | Bought a ration for 65 gold pieces
  3655 | D        | Noticed a shining eye
  3655 | D        | Noticed a shining eye
  3655 | D        | Noticed a shining eye
  3655 | D        | Noticed a shining eye
  3655 | D        | Noticed a shining eye
  3655 | D        | Noticed a shining eye
  3659 | D        | Killed a shining eye
  3659 | D        | Gained mutation: You evolve. [a shining eye]
  3659 | D        | Paralysed by a floating eye for 3 turns
  3660 | D        | Killed a shining eye
  3660 | D        | Gained mutation: Your thick and shaggy fur keeps you warm.
                  | (AC +3, rC+) [Felid growth]
  3660 | D        | Reached XP level 12. HP: 64/64 MP: 13/13
  3661 | D        | Gained mutation: You occasionally shout uncontrollably at
                  | your foes. [a shining eye]
  3667 | D        | Gained mutation: Your body sometimes deteriorates upon
                  | taking damage. [a shining eye]
  3679 | D        | Found Nezxudag's Jewellery Shop.
  3679 | D        | Found Buiplum's Assorted Antiques.
  3679 | D        | Found Hawuph's Book Boutique.
  3679 | D        | Found Inisuiqi's Distillery.
  3783 | D        | Got out of the dungeon alive.

Skill      XL: |  1  2  3  4  5  6  7  8  9 10 11 12 |
---------------+-------------------------------------+-----
Stealth        | 8 12 16 17 18 20 21 23 | 23.4
Fighting       | 5 7 9 10 12 14 | 14.5
Dodging        | 7 9 11 13 15 17 18 | 18.2
Unarmed Combat | 5 7 9 10 12 14 | 14.5

Action                   |  1- 3 |  4- 6 |  7- 9 | 10-12 || total
-------------------------+-------+-------+-------+-------++-------
Melee: Unarmed           |    14 |    10 |    13 |    96 ||   133
       Bite              |     3 |     2 |     1 |    15 ||    21
       Punch             |       |       |       |     4 ||     4
Invok: Berserk           |       |     1 |     1 |     7 ||     9
       Trog's Hand       |       |       |     1 |     1 ||     2
       Brothers in Arms  |       |       |       |     6 ||     6
  Use: Potion            |     2 |       |       |     1 ||     3
       Scroll            |       |       |     1 |       ||     1
 Stab: Sleeping          |     1 |     2 |     7 |    21 ||    31
  Eat: Ration            |       |       |     1 |     5 ||     6
       Chunk             |       |       |       |     9 ||     9
Armor: Skin              |       |       |       |     1 ||     1
Dodge: Dodged            |     6 |     4 |     8 |    48 ||    66
